 Dungeon Crawl Stone Soup version 0.24-a0-230-g536ed4e (webtiles) character file.

Game seed: 7101549460363075942

56376 emperorscorpion the Unseen (level 14, -1/109 HPs)
             Began as a Vampire Assassin on Apr 2, 2019.
             Was a High Priest of Ru.
             Slain by a cyclops (12 damage)
             ... on level 2 of the Orcish Mines on Apr 3, 2019.
             The game lasted 00:53:23 (20660 turns).

emperorscorpion the Unseen (Vampire Assassin)      Turns: 20660, Time: 00:53:23

Health: -1/109     AC: 23    Str: 11    XL:     14   Next: 41%
Magic:  14/14      EV: 17    Int: 18    God:    Ru [*****.]
Gold:   661        SH:  0    Dex: 19    Spells: 13/13 levels left

rFire    + . .     SeeInvis +   a - +11 falchion "Qauklo" {protect, -Tele MR+ Int+4 Stlth+}
rCold    + + .     Gourm    .   (shield unavailable)
rNeg     + . .     Faith    .   m - +1 ring mail {rC+}
rPois    .         Spirit   .   J - +1 helmet of the Gate {Str+2}
rElec    .         Reflect  .   d - +0 cloak
rCorr    .         Harm     .   L - +0 pair of gloves of Piesed {rC+ Regen+ Dex+2}
MR       ++...     NoTele   +   Q - +2 pair of boots of the Assassin {Detection Stab+ Stlth++}
Stlth    +++++++++.             (no amulet)
HPRegen  0.68/turn              (ring unavailable)
MPRegen  0.14/turn              B - ring of protection from fire

@: protection aura
A: claws 1, fangs 3, see invisible, clumsy 1, weak 1, unbreathing, missing a
hand, inability to use devices, disrupted magic 1
a: Bat Form, Draw Out Power, Power Leap, Apocalypse, Renounce Religion


You were on level 2 of the Orcish Mines.
You worshipped Ru.
Ru was extremely pleased with you.
You were not thirsty.

You visited 3 branches of the dungeon, and saw 18 of its levels.

You collected 2436 gold pieces.
You spent 1775 gold pieces at shops.

Inventory:

Hand Weapons
 a - the +11 falchion "Qauklo" (weapon) {protect, -Tele MR+ Int+4 Stlth+}
   (You took it off an orc on level 6 of the Dungeon)

   It protects the one who uses it against injury (+AC on strike).
   It affects your intelligence (+4).
   It affects your resistance to hostile enchantments.
   It prevents most forms of teleportation.
   It makes you more stealthy.
 b - a +1 vampiric dagger
 w - a +2 dagger
 A - a +0 dagger of pain
 G - a +0 blowgun
 O - a +2 short sword of venom
 P - a +4 scimitar of flaming
Missiles
 e - 116 poisoned needles
 f - 7 curare-tipped needles
 u - 25 tomahawks
 K - 10 javelins (quivered)
Armour
 c - a +0 robe
 d - a +0 cloak (worn)
 m - a +1 ring mail of cold resistance (worn)
 y - a +2 robe of the Archmagi
 J - the +1 helmet of the Gate (worn) {Str+2}
   (You acquired it on level 11 of the Dungeon)

   It affects your strength (+2).
 L - the +0 pair of gloves of Piesed (worn) {rC+ Regen+ Dex+2}
   (You found it on level 8 of the Dungeon)

   It affects your dexterity (+2).
   It protects you from cold.
   It increases your rate of regeneration.
 M - the +2 pair of boots "Lukuy" {rF++}
   (You bought it in a shop on level 11 of the Dungeon)

   It greatly protects you from fire.
 Q - the +2 pair of boots of the Assassin (worn) {Detection Stab+ Stlth++}
   (You bought it in a shop on level 2 of the Orcish Mines)

   It makes you much more stealthy.
Magical Staves
 E - an uncursed staff of summoning
Jewellery
 n - a +1 ring of protection
 z - a +3 ring of intelligence
 B - a ring of protection from fire (right hand)
 F - a +4 ring of intelligence
Scrolls
 i - 15 scrolls of identify
 o - 11 scrolls of teleportation
 r - 2 scrolls of fog
 s - 6 scrolls of remove curse
 t - 3 scrolls of blinking
 D - 2 scrolls of amnesia
 N - a scroll of fear
Potions
 g - 31 potions of blood
 h - 2 potions of heal wounds
 j - a potion of might
 k - 4 potions of curing
 l - 4 potions of flight
 p - 2 potions of brilliance
 q - 2 potions of agility
 v - a potion of mutation
 x - a potion of resistance
 C - 2 potions of haste
 H - a potion of invisibility
 I - 3 potions of ambrosia


   Skills:
 + Level 9.7 Fighting
 - Level 6.8(12.0) Short Blades
 - Level 14.0(14.4) Long Blades
 + Level 2.6 Throwing
 + Level 8.4 Armour
 + Level 9.1 Dodging
 + Level 18.0 Stealth


You had 13 spell levels left.
You didn't know any spells.
Your spell library contained the following spells:

 Spells                   Type           Power        Failure   Level  Hunger
 Apportation              Tloc           #.....       50%         1    ##.....
 Beastly Appendage        Tmut           #.....       50%         1    ##.....
 Confusing Touch          Hex            #.....       50%         1    ##.....
 Summon Butterflies       Summ           #.......     50%         1    ##.....
 Ensorcelled Hibernation  Hex/Ice        #.....       65%         2    ###....
 Sticks to Snakes         Tmut           #.......     65%         2    ###....
 Confuse                  Hex            #.......     86%         3    ####...
 Gell's Gravitas          Tloc           #.........   86%         3    ####...
 Lesser Beckoning         Tloc           #.........   86%         3    ####...
 Spider Form              Tmut/Pois      #.........   86%         3    ####...
 Tukima's Dance           Hex            #.......     86%         3    ####...
 Ice Form                 Ice/Tmut       #.......     99%         4    #####..
 Petrify                  Tmut/Erth      #.......     99%         4    #####..
 Alistair's Intoxication  Tmut/Pois      #.......     100%        5    ######.
 Blade Hands              Tmut           #.........   100%        5    ######.
 Borgnjor's Vile Clutch   Necr/Erth      #.........   100%        5    ######.
 Irradiate                Conj/Tmut      #.........   100%        5    ######.
 Metabolic Englaciation   Hex/Ice        #.........   100%        5    ######.
 Silence                  Hex/Air        #.........   100%        5    ######.
 Yara's Violent Unravell  Hex/Tmut       #.........   100%        5    ######.
 Darkness                 Hex            #.........   100%        6    #######
 Hydra Form               Tmut           #.........   100%        6    #######
 Invisibility             Hex            #.......     100%        6    #######
 Shadow Creatures         Summ           N/A          100%        6    #######
 Statue Form              Tmut/Erth      #........    100%        6    #######
 Dragon Form              Tmut           #.........   100%        7    #######


Dungeon Overview and Level Annotations

Branches:
Dungeon (15/15)            Temple (1/1) D:5            Lair (0/6) D:8
    Orc (2/2) D:11            Elf (0/3) Orc:2        Vaults (0/5) D:13
 Depths (0/5) D:15

Altars:
Ashenzari
Cheibriados
Dithmenos
Elyvilon
Fedhas
Gozag
Hepliaklqana
Kikubaaqudgha
Makhleb
Nemelex Xobeh
Okawaru
Qazlal
Ru
Sif Muna
Trog
Uskayaw
Vehumet
Wu Jian
Xom
Yredelemnul
Zin
The Shining One
Beogh

Shops:
D:6 =   D:11 *(   D:15 :   Orc:2 =([*}

Annotations:
D:14 1 runed translucent door


Innate Abilities, Weirdness & Mutations

You have razor-sharp teeth.
You have supernaturally acute eyesight. (SInv)
You are weak. (Str -2)
You can survive without breathing.
You are missing a hand.
You cannot study or use magical devices.
Your casting is slightly disrupted.
You have sharp fingernails.
You are clumsy. (Dex -2)


Message History

* * * LOW HITPOINT WARNING * * *
You slash the cyclops! You bite the cyclops.
The cyclops is moderately wounded.
You slash the cyclops! You bite the cyclops, but do no damage.
The cyclops is moderately wounded.
The cyclops hits you but does no damage.
You slash the cyclops! You bite the cyclops, but do no damage.
The cyclops is heavily wounded.
You hit the cyclops but do no damage.
The cyclops is heavily wounded.
You hit the cyclops.
The cyclops is severely wounded.
The cyclops hits you!!
* * * LOW HITPOINT WARNING * * *
You hit the cyclops.
The cyclops is severely wounded.
You slash the cyclops! You bite the cyclops, but do no damage.
The cyclops is almost dead.
The cyclops hits you!
You die...

##....(...# ###.....####
#...#...### .......#
##..#....## .........
##.$..#....####.........
#.....##....# ....##....
##.#......(.#......
..##.............#
#...P.......((......#
..........P@.#......#
...P..8...C..........
............P.##....
.......∩..P....#....
...........P..## ...
..........## ..
........... ....PP..P...


You could see a cyclops.

Vanquished Creatures
  Gastronok (D:11)
  Louise (D:14)
  A stone giant (Orc:1)
  3 ettins
  Josephine (D:13)
  Erolcha (D:10)
  8 vault guards
  A yaktaur captain (D:15)
  3 hydras
  A catoblepas (D:13)
  4 centaur warriors
  Erica (D:10)
  3 two-headed ogres
  Urug (D:13)
  The ghost of Yolobob the Firebug, a novice DrFE of Vehumet (D:8)
  An unseen horror (D:10)
  A wizard (D:15)
  An orc knight (Orc:1)
  3 deep elf magi
  4 manticores
  13 cyclopes
  11 ugly things
  3 centaur zombies
  A black mamba (shapeshifter) (D:12)
  4 centaur skeletons
  2 gargoyles (D:12)
  A freezing wraith (D:15)
  A tengu conjurer (D:8)
  A komodo dragon (shapeshifter) (D:13)
  A yaktaur (D:11)
  2 efreet
  A komodo dragon (D:11)
  8 trolls
  3 hornets
  2 dream sheep (D:10)
  5 slime creatures (D:13)
  6 hippogriffs
  Sigmund (D:5)
  4 wraiths
  3 yaks
  2 wyverns
  A basilisk (D:13)
  A vampire (D:15)
  A steam dragon (D:9)
  A hungry ghost (D:15)
  A soldier ant (D:13)
  An acid dragon (D:13)
  2 water moccasins
  15 orc warriors
  2 phantoms
  A black bear (D:11)
  3 eyes of draining (D:12)
  6 sky beasts
  15 ogres
  4 boggarts (D:14)
  10 centaurs
  4 crocodiles
  5 big kobolds (D:10)
  9 bullfrogs
  A wyvern zombie (D:14)
  A water moccasin skeleton (D:8)
  A wyvern skeleton (D:12)
  7 scorpions
  4 killer bees (D:12)
  16 wights
  10 crimson imps
  7 howler monkeys
  3 bullfrog zombies
  14 orc priests
  3 hounds
  A quasit (D:8)
  A jelly (D:11)
  A bullfrog skeleton (D:6)
  3 iguanas
  18 orc wizards
  8 worker ants
  2 human simulacra (D:13)
  A hound skeleton (D:4)
  3 gnolls (Orc:1)
  12 adders
  2 shadow imps
  2 oozes
  An adder zombie (D:4)
  4 adder skeletons
  2 worms (D:4)
  A dart slug (D:2)
  5 leopard geckos
  97 orcs
  6 giant cockroaches
  10 hobgoblins
  12 jackals
  5 quokkas
  8 bats
  6 frilled lizards
  11 goblins
  10 kobolds
  A quokka skeleton (D:9)
  11 rats
509 creatures vanquished.

Vanquished Creatures (others)
  An ugly thing (D:13)
  A troll (D:8)
  A hornet (D:13)
  A centaur (D:13)
  An iguana (D:7)
  An orc wizard (Orc:2)
  An orc (Orc:1)
  A fungus (Orc:2)
8 creatures vanquished.

Grand Total: 517 creatures vanquished

Notes
Turn   | Place    | Note
-------+----------+-------------------------------------------
     0 | D:1      | emperorscorpion the Vampire Assassin began the quest for
                  | the Orb.
     0 | D:1      | Reached XP level 1. HP: 16/16 MP: 1/1
    99 | D:1      | Reached skill level 6 in Stealth
   186 | D:1      | Reached XP level 2. HP: 16/22 MP: 2/2
   551 | D:1      | Reached skill level 7 in Stealth
   605 | D:1      | Reached XP level 3. HP: 27/27 MP: 3/3
  1431 | D:2      | Reached XP level 4. HP: 33/33 MP: 4/4
  1914 | D:3      | Found a glowing golden altar of the Shining One.
  2305 | D:3      | Reached XP level 5. HP: 36/38 MP: 5/5
  2348 | D:3      | Reached skill level 1 in Armour
  2348 | D:3      | Reached skill level 8 in Stealth
  3676 | D:3      | Reached XP level 6. HP: 13/44 MP: 6/6
  3949 | D:4      | Found a sacrificial altar of Ru.
  3991 | D:4      | Found an ornate altar of the Wu Jian Council.
  4426 | D:4      | Reached skill level 5 in Short Blades
  4426 | D:4      | Reached XP level 7. HP: 41/51 MP: 7/7
  4707 | D:5      | Entered Level 5 of the Dungeon
  5250 | D:5      | Noticed Sigmund
  5477 | D:5      | Found a staircase to the Ecumenical Temple.
  5486 | D:5      | Killed Sigmund
  5499 | Temple   | Entered the Ecumenical Temple
  5948 | Temple   | Became a worshipper of Ru the Awakened
  6488 | D:5      | Reached skill level 9 in Stealth
  6488 | D:5      | Reached XP level 8. HP: 32/58 MP: 8/8
  6833 | D:6      | Found a hide-covered altar of Uskayaw.
  7303 | D:6      | Identified the +11 falchion "Qauklo" {protect, -Tele MR+
                  | Int+4 Stlth+}
  7730 | D:6      | Found Cism's Jewellery Shop.
  7751 | D:6      | Gained mutation: You are missing a hand. [Ru sacrifice]
  7751 | D:6      | Reached * piety under Ru
  7751 | D:6      | Reached ** piety under Ru
  7751 | D:6      | Reached *** piety under Ru
  8412 | D:7      | Reached skill level 1 in Long Blades
  8444 | D:7      | Reached skill level 5 in Armour
  8531 | D:7      | Reached skill level 10 in Stealth
  8531 | D:7      | Reached XP level 9. HP: 64/64 MP: 9/9
  8556 | D:7      | Found a blossoming altar of Fedhas.
  9724 | D:8      | Found a burning altar of Makhleb.
  9781 | D:8      | Noticed a deep elf mage
  9785 | D:8      | Found a runed translucent door.
  9796 | D:8      | Reached skill level 11 in Stealth
  9833 | D:8      | Killed a deep elf mage
  9833 | D:8      | Reached skill level 5 in Long Blades
  9833 | D:8      | Reached skill level 5 in Dodging
 10025 | D:8      | Noticed a troll
 10025 | D:8      | Noticed a tengu conjurer
 10025 | D:8      | Noticed a deep elf mage
 10031 | D:8      | Gained mutation: You are clumsy. (Dex -2) [potion of
                  | mutation]
 10031 | D:8      | Gained mutation: You have sharp fingernails. [potion of
                  | mutation]
 10043 | D:8      | Killed a troll
 10047 | D:8      | Killed a deep elf mage
 10047 | D:8      | Reached XP level 10. HP: 73/73 MP: 10/10
 10118 | D:8      | Got a pair of warped gloves
 10129 | D:8      | Identified the +0 pair of gloves of Piesed {rC+ Regen+
                  | Dex+2} (You found it on level 8 of the Dungeon)
 10245 | D:8      | Gained mutation: You cannot study or use magical devices.
                  | [Ru sacrifice]
 10245 | D:8      | Reached **** piety under Ru
 10245 | D:8      | Reached ***** piety under Ru
 10274 | D:8      | Noticed Yolobob's ghost (novice DrFE)
 10276 | D:8      | Found a runed translucent door.
 10383 | D:8      | Found a burning altar of Makhleb.
 10458 | D:8      | Found a basalt altar of Yredelemnul.
 10458 | D:8      | Found a radiant altar of Vehumet.
 10556 | D:8      | Found a staircase to the Lair.
 10565 | D:8      | Found an opulent altar of Gozag.
 10951 | D:8      | Killed Yolobob's ghost
 10951 | D:8      | Reached skill level 5 in Fighting
 11033 | D:9      | Found a hazy altar of Hepliaklqana.
 11119 | D:9      | Reached skill level 12 in Stealth
 11152 | D:9      | Noticed a green ugly thing
 11183 | D:9      | Noticed a two-headed ogre
 11193 | D:9      | Killed a two-headed ogre
 11592 | D:9      | Found an iron altar of Okawaru.
 11847 | D:9      | Found a burning altar of Makhleb.
 12023 | D:10     | Entered Level 10 of the Dungeon
 12089 | D:10     | Reached XP level 11. HP: 57/80 MP: 11/11
 12136 | D:10     | Noticed a two-headed hydra
 12141 | D:10     | Killed a two-headed hydra
 12141 | D:10     | Reached skill level 13 in Stealth
 12175 | D:10     | Noticed Erolcha
 12179 | D:10     | Killed Erolcha
 12193 | D:10     | Noticed an unseen horror
 12208 | D:10     | Killed an unseen horror
 12250 | D:10     | You fall through a shaft for 3 floors!
 12337 | D:13     | Noticed a deep elf mage
 12432 | D:13     | Killed a deep elf mage
 12452 | D:13     | Noticed a red ugly thing
 12453 | D:13     | Noticed a catoblepas
 12466 | D:13     | Killed a red ugly thing
 12495 | D:13     | Reached skill level 14 in Stealth
 12517 | D:13     | Killed a catoblepas
 12593 | D:13     | Noticed a centaur warrior
 12601 | D:13     | Killed a centaur warrior
 12601 | D:13     | Reached skill level 10 in Long Blades
 12903 | D:13     | Found a gate to the Vaults.
 12903 | D:13     | Noticed a vault guard
 12903 | D:13     | Noticed a vault guard
 12903 | D:13     | Noticed a vault guard
 12905 | D:13     | Noticed a vault guard
 12905 | D:13     | Noticed a vault guard
 12905 | D:13     | Noticed a vault guard
 12905 | D:13     | Noticed a vault guard
 12905 | D:13     | Noticed a vault guard
 12911 | D:13     | Noticed a red ugly thing
 12960 | D:14     | Noticed a red ugly thing
 12983 | D:14     | Killed a vault guard
 12992 | D:14     | Killed a red ugly thing
 12993 | D:14     | Noticed a red ugly thing
 13044 | D:14     | Noticed a centaur warrior
 13067 | D:13     | Killed a vault guard
 13067 | D:13     | Reached XP level 12. HP: 55/89 MP: 12/12
 13183 | D:13     | Killed a vault guard
 13250 | D:13     | Killed a vault guard
 13328 | D:13     | Killed a vault guard
 13493 | D:13     | Killed a vault guard
 13518 | D:13     | Killed a vault guard
 13587 | D:13     | Killed a vault guard
 13804 | D:13     | Noticed Urug
 13829 | D:13     | Killed Urug
 13834 | D:13     | Noticed Josephine
 13848 | D:13     | Killed Josephine
 13988 | D:13     | Noticed a two-headed ogre
 14019 | D:12     | Gained mutation: Your casting is slightly disrupted. [Ru
                  | sacrifice]
 14093 | D:10     | Noticed Erica
 14518 | D:10     | Killed Erica
 14896 | D:11     | Reached skill level 15 in Stealth
 14997 | D:11     | Found a staircase to the Orcish Mines.
 14998 | D:11     | Found Laitsuef's Weapon Shoppe.
 15350 | D:11     | Reached XP level 13. HP: 98/98 MP: 13/13
 15432 | D:11     | Identified a scroll of acquirement
 15433 | D:11     | Got a steaming helmet
 15439 | D:11     | Identified the +1 helmet of the Gate {Str+2} (You acquired
                  | it on level 11 of the Dungeon)
 15594 | D:11     | Found Xiven's Assorted Antiques.
 15597 | D:11     | Bought a pair of steaming boots for 275 gold pieces
 15607 | D:11     | Identified the +2 pair of boots "Lukuy" {rF++} (You bought
                  | it in a shop on level 11 of the Dungeon)
 15669 | D:11     | Noticed Gastronok
 15691 | D:11     | Killed Gastronok
 16422 | D:12     | Reached skill level 16 in Stealth
 17155 | D:14     | Noticed Louise
 17172 | D:14     | Killed Louise
 17329 | D:14     | Reached skill level 17 in Stealth
 17490 | D:14     | Found a runed translucent door.
 17506 | D:14     | Noticed a fire giant
 17508 | D:14     | Noticed a war gargoyle
 17842 | D:15     | Entered Level 15 of the Dungeon
 17844 | D:15     | Found Uqasur Ynnu's Book Shoppe.
 17999 | D:15     | Reached XP level 14. HP: 85/108 MP: 14/14
 18244 | D:15     | Found a staircase to the Depths.
 18649 | D:15     | Gained mutation: You are weak. (Str -2) [Ru sacrifice]
 18722 | Orc:1    | Entered Level 1 of the Orcish Mines
 18802 | Orc:1    | HP: 4/108 [orc knight/+0 battleaxe (19)]
 19164 | Orc:1    | Found a roughly hewn altar of Beogh.
 19464 | Orc:2    | Entered Level 2 of the Orcish Mines
 19485 | Orc:2    | Found Qaucsoa's Antique Weapon Shop.
 19520 | Orc:1    | HP: 1/108 [ettin/+0 dire flail (20)]
 19760 | Orc:2    | Found Haummat's Gadget Shoppe.
 19772 | Orc:2    | Found Iluaj's General Store.
 19941 | Orc:2    | Noticed a stone giant
 19952 | Orc:2    | Found Fezusisa's Antique Armour Boutique.
 20024 | Orc:1    | Killed a stone giant
 20242 | Orc:2    | Bought the +2 pair of boots of the Assassin {Detection
                  | Stab+ Stlth++} for 1500 gold pieces
 20242 | Orc:2    | Found the +2 pair of boots of the Assassin {Detection Stab+
                  | Stlth++}
 20457 | Orc:2    | Found a staircase to the Elven Halls.
 20482 | Orc:2    | Reached skill level 18 in Stealth
 20633 | Orc:2    | Found Vumeoch's Jewellery Shop.
 20660 | Orc:2    | Slain by a cyclops

Levels and vault maps discovered:
D:1:      scummos_arrival_checkerplants, layout_loops_cross
D:2:      layout_basic
D:3:      layout_loops_corners, lemuel_doored_altar, first_ration
D:4:      layout_cave_pools, old_standard_altar, nicolae_ru_sacrificial_ziggurat
D:5:      layout_loops_ring, minmay_temple_entry_statues_fountains, uniq_sigmund
D:6:      layout_layer_cave, nicolae_overflow_crystal_walls, serial_shops,
          nicolae_shop_temple_entry_statues_fountains
D:7:      layout_basic, fedhas_altar_fruit_tree
D:8:      minmay_the_grid_triangle_9x9_rhombus_full
          [minmay_the_grid_triangle_9x9_descending_squares,
          minmay_the_grid_triangle_9x9_shrine,
          minmay_the_grid_triangle_9x9_checkered,
          minmay_the_grid_triangle_9x9_zippers_vertical,
          minmay_the_grid_triangle_9x9_stretched_checkered,
          minmay_the_grid_triangle_9x9_subtriangle,
          minmay_the_grid_triangle_9x9_corruption,
          minmay_the_grid_triangle_9x9_prize_top_heavy], layout_gridville,
          nicolae_overflow_hidden_temple, grunt_gozag_breadcrumbs,
          amethyst_overflow_temple_binary, hellmonk_ghost_happy_afterlife
D:9:      layout_basic, kennysheep_little_box, lemuel_coloured_pillars_altar,
          basic_altar, serial_curves, eino_curves_04, eino_curves_02,
          minmay_misc_feat_cross, lightli_corner_chamber
D:10:     layout_basic, hangedman_ranch [blue_anna_fruit_fields], uniq_erolcha,
          uniq_erica
D:11:     layout_loops_cross, orc_david_3, serial_shops, shop,
          minmay_fractal_squares_gapless_7, uniq_gastronok
D:12:     layout_roguey
D:13:     minmay_polygon_palace, layout_rooms, erik_vaults_2, bh_circular_ruins,
          uniq_josephine, uniq_urug
D:14:     layout_basic, hex_tiny, kennysheep_treasure_room, uniq_louise
D:15:     grunt_enter_depths_snipers, layout_cave_pools, serial_shops,
          nicolae_shop_waterfront
Temple:   minmay_temple_forest_path
Orc:1:    layout_diamond_mine, basic_altar
Orc:2:    grunt_orc_gardens, layout_diamond_mine, grunt_orc_garden,
          grunt_orc_garden, grunt_orc_garden, grunt_orc_garden, serial_shops,
          nicolae_shop_crystal, library_closet

Skill      XL: |  1  2  3  4  5  6  7  8  9 10 11 12 13 14 |
---------------+-------------------------------------------+-----
Stealth        | 6 7 8 9 10 11 12 14 15 17 18 | 18.0
Fighting       | 2 3 4 5 6 7 9 |  9.7
Short Blades   | 3 4 5 6 |  6.8
Dodging        | 2 3 4 5 6 7 8 9 |  9.1
Armour         | 1 2 3 5 6 7 8 |  8.4
Long Blades    | 2 6 8 10 12 13 14 | 14.0
Throwing       | 2 |  2.6

Action                   |  1- 3 |  4- 6 |  7- 9 | 10-12 | 13-15 || total
-------------------------+-------+-------+-------+-------+-------++-------
Melee: Dagger            |   126 |   158 |       |       |     6 ||   290
       Bite              |    13 |    24 |    40 |   116 |   120 ||   313
       Short sword       |       |   127 |   153 |    10 |    17 ||   307
       Falchion          |       |       |   151 |   774 |   603 ||  1528
 Fire: Blowgun           |       |       |       |       |    14 ||    14
Throw: Javelin           |       |       |       |     5 |       ||     5
       Tomahawk          |       |       |       |     1 |       ||     1
Invok: Sacrifice a Hand  |       |       |     1 |       |       ||     1
       Sacrifice Artific |       |       |       |     1 |       ||     1
       Draw Out Power    |       |       |       |     2 |       ||     2
       Power Leap        |       |       |       |     1 |     1 ||     2
       Sacrifice Essence |       |       |       |     1 |       ||     1
       Apocalypse        |       |       |       |       |     1 ||     1
       Sacrifice Purity  |       |       |       |       |     1 ||     1
Evoke: Wand              |       |       |     3 |     1 |       ||     4
  Use: Scroll            |     4 |       |     8 |     9 |     3 ||    24
       Potion            |       |    13 |    20 |    16 |    16 ||    65
 Stab: Sleeping          |     8 |    12 |    17 |    30 |    29 ||    96
       Distracted        |       |     1 |       |     9 |     7 ||    17
       Invisible         |       |       |     1 |     8 |     4 ||    13
       Petrified         |       |       |       |     1 |       ||     1
       Paralysed         |       |       |       |     1 |     4 ||     5
Armor: Robe              |    25 |       |       |       |       ||    25
       Ring mail         |     9 |    71 |    79 |   203 |   114 ||   476
       Skin              |       |       |     5 |     8 |       ||    13
Dodge: Dodged            |    78 |   104 |   151 |   290 |   275 ||   898
       Rpst.: Falchion   |       |       |    18 |    86 |    74 ||   178

Table legend:
 A = Non-vault XP
 B = Vault XP
 C = Vault XP percentage of total XP
 D = Non-vault monster count
 E = Vault monster count
 F = Vault count percentage of total count
                 A         B        C        D         E       F
            +---------+---------+-------+---------+---------+-------
      Total |   41787 |   38751 |  48.1 |     424 |      87 |  17.0
            +---------+---------+-------+---------+---------+-------
        D:1 |      50 |       0 |   0.0 |      27 |       0 |   0.0
        D:2 |      81 |       0 |   0.0 |      24 |       0 |   0.0
        D:3 |     275 |       0 |   0.0 |      32 |       0 |   0.0
        D:4 |     344 |       0 |   0.0 |      21 |       0 |   0.0
        D:5 |     298 |     231 |  43.7 |      11 |       1 |   8.3
        D:6 |    1052 |       0 |   0.0 |      30 |       0 |   0.0
        D:7 |     858 |       0 |   0.0 |      16 |       0 |   0.0
        D:8 |    1309 |    3645 |  73.6 |      29 |      19 |  39.6
        D:9 |    1840 |       0 |   0.0 |      21 |       0 |   0.0
       D:10 |    2449 |    4083 |  62.5 |      28 |      10 |  26.3
       D:11 |    2594 |    4861 |  65.2 |      31 |      13 |  29.5
       D:12 |    7248 |       0 |   0.0 |      35 |       0 |   0.0
       D:13 |    5927 |   13289 |  69.2 |      28 |      29 |  50.9
       D:14 |    9483 |    2737 |  22.4 |      36 |       2 |   5.3
       D:15 |    4823 |    2452 |  33.7 |      16 |       3 |  15.8
      Orc:1 |    2186 |    2588 |  54.2 |      24 |       2 |   7.7
      Orc:2 |     970 |    4865 |  83.4 |      15 |       8 |  34.8
            +---------+---------+-------+---------+---------+-------
